 Dungeon Crawl Stone Soup version 0.31.0 (webtiles) character file.

Game seed: 11193706345293924369

99 Persephone the Shield-Bearer (level 4, 29/29 HPs)
             Began as a Gargoyle Fighter on Jan 19, 2024.
             Quit the game on level 3 of the Dungeon.
             The game lasted 00:05:09 (1414 turns).

Persephone the Shield-Bearer (Gargoyle Fighter)     Turns: 1414, Time: 00:05:09

Health: 29/29      AC: 11    Str: 22    XL:     4   Next: 72%
Magic:  4/4        EV:  9    Int:  8    God:
Gold:   160        SH:  4    Dex:  9    Spells: 3/3 levels left

rFire   . . .        a - +0 war axe
rCold   . . .        c - +0 buckler
rNeg    + . .        b - +0 scale mail
rPois   ∞            (no helmet)
rElec   +            (no cloak)
rCorr   .            (no gloves)
SInv    .            g - +0 pair of boots
Will    .....        (no amulet) Stlth
                     (no ring)
HPRegen 0.24/turn    (no ring)
MPRegen 0.09/turn

%: no passive effects
@: no status effects
A: sickness immunity, AC +3, negative energy resistance 1, electricity
resistance, torment resistance 1, petrification resistance
a: no special abilities


You were on level 3 of the Dungeon.
You visited 1 branch of the dungeon, and saw 3 of its levels.

You collected 160 gold pieces.

Inventory:

Hand Weapons
 a - a +0 war axe (weapon)
Missiles
 f - 8 javelins (quivered)
Armour
 b - a +0 scale mail (worn)
 c - a +0 buckler (worn)
 g - a +0 pair of boots (worn)
 j - a +0 pair of gloves
Jewellery
 q - a ring of protection from fire
Scrolls
 e - 2 scrolls of noise {unknown}
 k - a scroll of revelation {unknown}
 l - a scroll of torment {unknown}
 m - a scroll of fear {unknown}
 o - a scroll of identify {unknown}
 p - a scroll of fog {unknown}
Potions
 d - a potion of might
 h - a potion of curing {unknown}
 i - 2 potions of haste {unknown}
 n - 3 potions of magic {unknown}


   Skills:
 + Level 4.0 Fighting
 + Level 2.5 Axes
 + Level 4.0 Armour
 + Level 4.1 Shields


You had 3 spell levels left.
You didn't know any spells.
Your spell library contained the following spells:

 Spells                   Type           Power      Damage    Failure   Level
 Magic Dart               Conj           0%         1d3       80%         1
 Blink                    Tloc           0%         N/A       90%         2
 Call Imp                 Summ           0%         N/A       90%         2
 Dazzling Flash           Conj/Hex       0%         N/A       99%         3
 Mephitic Cloud           Conj/Alch/Air  0%         N/A       99%         3
 Curse of Agony           Necr           0%         N/A       100%        5
 Silence                  Hex/Air        0%         N/A       100%        5


Dungeon Overview and Level Annotations

Branches:
Dungeon (3/15)

Altars:
Ru

Shops:
D:3 ?[


Innate Abilities, Weirdness & Mutations

You are immune to sickness and miasma.
Your stone body is resilient. (AC +3)
You are immune to poison.
You resist negative energy. (rN+)
You are resistant to electric shocks. (rElec)
You are resistant to unholy torment.
You are immune to petrification.


Message History

A quokka comes into view.
You barely miss the quokka. The quokka bites you.
The quokka bites you but does no damage.
You hit the quokka.
You kill the quokka!
Auto Kill stopped - Manually stopped You open the door.
A kobold and a bat come into view.
The kobold shouts!
Found a sacrificial altar of Ru.
An adder comes into view.
There is an open door here.
You completely miss the kobold.
The adder hisses angrily.
The kobold closely misses you.
You barely miss the kobold. The kobold hits you but does no damage.
You hit the kobold.
You kill the kobold!
The bat hits you. You block the bat's attack.
You barely miss the bat. You block the bat's attack.
The adder bites you but does no damage.
You slash the adder!
You kill the adder!
You block the bat's attack. The bat closely misses you.
The bat hits you but does no damage.
Items here: ( ) ††.
The bat hits you but does no damage.
A frilled lizard comes into view.
You closely miss the bat. You block the bat's attack. x2
You miss the bat. The bat hits you. The bat hits you but does no damage.
The bat barely misses you.
The helpless frilled lizard fails to defend itself.
You slash the frilled lizard!
You kill the frilled lizard!
You barely miss the bat. The bat hits you but does no damage.
You block the bat's attack.
You see here a frilled lizard corpse.
Are you sure you want to abandon this character and quit the game? (Confirm with "yes".)

.......#.#.####.###.########
#...........................
#..#.....#####.###..########
...###.#.# #.......## ##.#
....# ##.###...# #.# ..#...
#.......# #.# ..# ..
+#######'...# #>. ## .
#...#..)#†......# ...
#.@.#...#.......#
#.......#.......#
###b_.###...###.#
#.......#...# #
#...#...#.... #...#...#..#.#
+#######+


You could see a bat.

Vanquished Creatures
  5 adders
  A ribbon worm (D:3)
  2 dart slugs
  3 ball pythons
  3 endoplasms (D:1)
  A giant cockroach (D:2)
  3 hobgoblins
  4 jackals (D:2)
  6 quokkas
  4 bats
  3 frilled lizards
  3 goblins
  8 kobolds
46 creatures vanquished.

Notes
Turn   | Place    | Note
-------+----------+-------------------------------------------
     0 | D:1      | Persephone the Gargoyle Fighter began the quest for the
                  | Orb.
     0 | D:1      | Reached XP level 1. HP: 14/14 MP: 1/1
   101 | D:1      | Reached XP level 2. HP: 19/19 MP: 2/2
   431 | D:1      | Found a faded altar of an unknown god.
   553 | D:1      | Reached XP level 3. HP: 23/23 MP: 3/3
   863 | D:2      | Reached XP level 4. HP: 29/29 MP: 4/4
  1304 | D:3      | Found Leskuen's Magic Scroll Boutique.
  1322 | D:3      | Found Malliw's Armour Emporium.
  1398 | D:3      | Found a sacrificial altar of Ru.
  1414 | D:3      | Quit the game

Illustrated notes

Levels and vault maps discovered:
D:1:      spicycebolla_arrival_clurvy, layout_loops_ring,
          ebering_ecumenical_altar_mist, chequers_serial_rivers_micro_a
D:2:      layout_rooms, minmay_pentomino_q4
D:3:      layout_loops_ring, nicolae_ru_great_annihilating_truth, serial_shops,
          nicolae_shop_hallway_stairs, shop,
          nicolae_shop_temple_entry_statues_fountains,
          nicolae_shop_tiny_real_fake_doors, shop, kennysheep_generic_room_12,
          uniq_natasha

Skill      XL: |  1  2  3  4 |
---------------+-------------+-----
Axes           | 2 |  2.5
Shields        | 4 |  4.1
Armour         | 4 |  4.0
Fighting       | 4 |  4.0

Action                     |  1- 3 |  4- 6 || total
---------------------------+-------+-------++-------
  Melee: War axe           |    71 |    47 ||   118
  Throw: Javelin           |    16 |     7 ||    23
   Stab: Paralysed         |       |     1 ||     1
 Armour: Scale mail        |    44 |    37 ||    81
  Dodge: Dodged            |    45 |    24 ||    69
  Block: Buckler           |    17 |    12 ||    29
